[ AOE2 MATCH · #472810913 ]
Team RMGoths vs Byzantines
[ REPLAY ANALYSIS · EXTRACTED FROM THE RECORDED GAME ]
Feudal
11:05
Castle
—
Imperial
—
| APM avg | 13.6 |
| APM peak | 27 |
| eAPM avg | 7.4 |
| Villagers / military | 22 / 0 |
Focus
⚔️ 5.1% · 🌾 94.9%
Feudal
—
Castle
—
Imperial
—
| APM avg | 8.6 |
| APM peak | 16 |
| eAPM avg | 5.9 |
| Villagers / military | 15 / 0 |
Focus
⚔️ 12.7% · 🌾 87.3%
Feudal
—
Castle
—
Imperial
—
| APM avg | 42.8 |
| APM peak | 65 |
| eAPM avg | 23.0 |
| Villagers / military | 29 / 11 |
Focus
⚔️ 12.0% · 🌾 88.0%
Militia ×11
Feudal
11:32
Castle
—
Imperial
—
| APM avg | 18.9 |
| APM peak | 38 |
| eAPM avg | 7.7 |
| Villagers / military | 38 / 0 |
Focus
⚔️ 4.0% · 🌾 96.0%
Match map
Resources at game start + every placement click. Thick line = wall · dashed box = detected house wall. 🟡 gold · ⚪ stone · 🟢 berries · 🔶 boar · ⭕ relic
Inputs per minute
— DoN_888 - - End is "unforgettable"
Build order — DoN_888
44 actions detected in the replay
| 0:02 | Research | Loom |
| 0:03 | Create | Villager (Male) |
| 0:03 | Create | Villager (Male) |
| 0:04 | Create | Villager (Male) |
| 0:04 | Create | Villager (Male) |
| 0:05 | Create | Villager (Male) |
| 0:10 | Build | House |
| 0:12 | Build | House |
| 0:15 | Build | House |
| 1:10 | Build | Palisade Wall |
| 1:21 | Build | Palisade Wall |
| 1:45 | Build | Palisade Wall |
| 1:54 | Build | Palisade Wall |
| 2:17 | Create | Villager (Male) |
| 3:17 | Create | Villager (Male) |
| 3:17 | Create | Villager (Male) |
| 3:17 | Create | Villager (Male) |
| 4:05 | Create | Villager (Male) |
| 5:06 | Create | Villager (Male) |
| 5:06 | Create | Villager (Male) |
| 5:07 | Create | Villager (Male) |
| 5:07 | Create | Villager (Male) |
| 5:07 | Create | Villager (Male) |
| 5:08 | Create | Villager (Male) |
| 5:41 | Build | Mill |
| 7:12 | Build | Lumber Camp |
| 7:53 | Create | Villager (Male) |
| 7:55 | Create | Villager (Male) |
| 8:44 | Build | House |
| 8:55 | Research | Feudal Age |
| 9:07 | Build | House |
| 9:18 | Build | House |
| 9:51 | Build | Mining Camp |
| 10:05 | Build | Mining Camp |
| 10:11 | Create | Villager (Male) |
| 10:12 | Create | Villager (Male) |
| 11:05 | Age | Feudal Age |
| 11:12 | Research | Wheelbarrow |
| 11:19 | Research | Town Watch |
| 11:20 | Create | Villager (Male) |
| 11:21 | Create | Villager (Male) |
| 11:27 | Research | Horse Collar |
| 12:06 | Research | Gold Mining |
| 12:44 | Research | Stone Mining |
Build order — End is "unforgettable"
28 actions detected in the replay
| 0:14 | Create | Villager (Male) |
| 0:14 | Create | Villager (Male) |
| 0:14 | Create | Villager (Male) |
| 0:15 | Research | Loom |
| 0:15 | Create | Villager (Male) |
| 0:16 | Create | Villager (Male) |
| 1:10 | Build | House |
| 1:11 | Build | House |
| 1:13 | Build | House |
| 1:15 | Build | House |
| 1:17 | Build | House |
| 1:19 | Build | House |
| 1:21 | Build | House |
| 1:23 | Build | House |
| 3:10 | Build | Palisade Wall |
| 3:27 | Create | Villager (Male) |
| 3:27 | Create | Villager (Male) |
| 3:27 | Create | Villager (Male) |
| 4:44 | Create | Villager (Male) |
| 5:34 | Create | Villager (Male) |
| 6:08 | Build | Mining Camp |
| 6:20 | Create | Villager (Male) |
| 8:44 | Create | Villager (Male) |
| 8:44 | Create | Villager (Male) |
| 8:44 | Create | Villager (Male) |
| 8:45 | Create | Villager (Male) |
| 10:56 | Build | Barracks |
| 12:45 | Build | Mill |
Build order — mitibebi
49 actions detected in the replay
| 0:04 | Build | House |
| 0:06 | Build | House |
| 0:07 | Build | House |
| 0:10 | Create | Villager (Male) ×4 |
| 0:10 | Create | Villager (Male) ×4 |
| 1:19 | Research | Loom |
| 1:40 | Create | Villager (Male) |
| 1:41 | Create | Villager (Male) |
| 2:12 | Create | Villager (Male) |
| 3:06 | Create | Villager (Male) |
| 3:06 | Create | Villager (Male) |
| 3:07 | Create | Villager (Male) |
| 3:57 | Create | Villager (Male) |
| 3:57 | Create | Villager (Male) |
| 3:57 | Create | Villager (Male) |
| 4:35 | Build | Barracks |
| 5:01 | Create | Villager (Male) |
| 5:02 | Create | Villager (Male) |
| 5:02 | Create | Villager (Male) |
| 5:02 | Create | Villager (Male) |
| 5:24 | Build | Palisade Wall |
| 5:29 | Build | Palisade Wall |
| 5:31 | Build | Palisade Wall |
| 6:12 | Create | Villager (Male) |
| 6:12 | Create | Villager (Male) |
| 6:33 | Create | Militia |
| 7:35 | Create | Militia |
| 7:35 | Create | Militia |
| 8:05 | Build | Mining Camp |
| 8:09 | Create | Villager (Male) |
| 8:09 | Create | Villager (Male) |
| 8:11 | Create | Villager (Male) |
| 8:11 | Create | Villager (Male) |
| 9:02 | Create | Villager (Male) |
| 9:03 | Create | Villager (Male) |
| 9:06 | Build | House |
| 9:13 | Build | House |
| 9:17 | Build | House |
| 9:41 | Build | Building 804 |
| 10:22 | Create | Militia |
| 10:22 | Create | Militia |
| 10:23 | Create | Militia |
| 10:23 | Create | Militia |
| 11:19 | Create | Militia |
| 11:19 | Create | Militia |
| 11:20 | Create | Militia |
| 11:51 | Create | Militia |
| 12:16 | Build | Mill |
| 12:44 | Build | Lumber Camp |
Build order — Waneté
40 actions detected in the replay
| 0:02 | Create | Villager (Male) ×4 |
| 0:03 | Create | Villager (Male) ×4 |
| 0:13 | Build | House |
| 0:19 | Build | House |
| 0:20 | Build | House |
| 0:21 | Build | House |
| 1:37 | Build | Mill |
| 1:50 | Create | Villager (Male) |
| 2:45 | Create | Villager (Male) |
| 2:46 | Create | Villager (Male) |
| 2:46 | Create | Villager (Male) |
| 3:59 | Create | Villager (Male) |
| 4:00 | Create | Villager (Male) |
| 4:00 | Create | Villager (Male) |
| 4:07 | Create | Villager (Male) |
| 4:08 | Create | Villager (Male) |
| 4:52 | Create | Villager (Male) |
| 4:53 | Create | Villager (Male) |
| 5:18 | Create | Villager (Male) |
| 5:19 | Create | Villager (Male) |
| 6:45 | Create | Villager (Male) |
| 6:45 | Create | Villager (Male) |
| 6:45 | Create | Villager (Male) |
| 6:48 | Create | Villager (Male) |
| 6:49 | Create | Villager (Male) |
| 7:12 | Build | Palisade Wall |
| 9:03 | Build | Lumber Camp |
| 9:13 | Create | Villager (Male) |
| 9:20 | Research | Feudal Age |
| 9:41 | Build | House |
| 9:42 | Build | House |
| 9:44 | Build | House |
| 10:04 | Build | Outpost |
| 10:36 | Build | House |
| 10:38 | Build | House |
| 10:43 | Create | Villager (Male) ×4 |
| 10:43 | Create | Villager (Male) ×4 |
| 11:32 | Age | Feudal Age |
| 11:51 | Build | Barracks |
| 11:59 | Create | Villager (Male) ×3 |
Match timeline
| 1:10 | DoN_888 · wall_segment Palisade Wall x5 |
| 1:21 | DoN_888 · wall_segment Palisade Wall x6 |
| 1:45 | DoN_888 · wall_segment Palisade Wall x3 |
| 1:54 | DoN_888 · wall_segment Palisade Wall x7 |
| 3:10 | End is "unforgettable" · wall_segment Palisade Wall x14 |
| 4:35 | mitibebi · first_building Barracks |
| 5:24 | mitibebi · wall_segment Palisade Wall x8 |
| 5:29 | mitibebi · wall_segment Palisade Wall x8 |
| 5:31 | mitibebi · wall_segment Palisade Wall x8 |
| 7:12 | Waneté · wall_segment Palisade Wall x18 |
| 10:56 | End is "unforgettable" · first_building Barracks |
| 11:05 | DoN_888 · age_up feudal |
| 11:32 | Waneté · age_up feudal |
| 11:51 | Waneté · first_building Barracks |
| 13:12 | End is "unforgettable" · tribute_sent a jugador 1 |
| 13:12 | End is "unforgettable" · tribute_sent a jugador 3 |
| 13:12 | End is "unforgettable" · tribute_sent a jugador 4 |
| 13:13 | Waneté · resign |
[ AI ANALYSIS · 1 CREDIT ]
What really happened in this match?
Wolo.gg analyzes every decision: build order, eco, micro, common mistakes by bracket. Personalized analysis on WhatsApp or Discord in 30 seconds.
Civ guide
Goths
Map guide
Black Forest
Perfil
DoN_888